Map: Sequencer LE

Players

eXile - Winner!

  • Race: Zerg Zerg
  • League: Platinum
  • Spawn Location: 7:00

Iggins

  • Race: Zerg Zerg
  • League: Platinum
  • Spawn Location: 1:00

VOD

Have the link to the VOD?

Description

Time

  • Played on: May 28, 2017, 3:20 p.m.
  • Length: 12:16
Show
View Real Time Build Order
Export as new Build Order

eXile Zerg - Winner!

Build Orders: Hatch First 

Get SALT Encoding   

  12  0:02  Drone  
  13  0:14  Overlord  
  13  0:25  Drone  
  14  0:35  Drone  
  14  0:36  Drone  
  14  0:41  Drone  
  17  0:56  Hatchery  
  16  0:59  Drone  
  16  1:02  Extractor  
  16  1:04  Drone  
  17  1:19  Spawning Pool  
  17  1:22  Drone  
  18  1:25  Drone  
  18  1:31  Drone  
  19  1:41  Overlord  
  19  1:52  Drone  
  20  2:02  Drone  
  21  2:12  Zergling x2  
  21  2:13  Zergling x2  
  21  2:14  Metabolic Boost  
  21  2:15  Queen  
  23  2:18  Queen  
  27  2:30  Zergling x2  
  27  2:31  Drone x2  
  30  2:47  Drone x2  
  30  2:48  Drone  
  33  2:59  Drone x2  
  35  3:08  Roach Warren  
  33  3:39  Extractor  
  32  3:41  Spore Crawler  
  32  3:42  Spore Crawler  
  32  3:43  Queen  
  32  3:49  Roach x2  
  32  3:50  Overlord  
  32  3:51  Overlord x2  
  36  3:59  Evolution Chamber x2  
  36  4:02  Drone x2  
  36  4:24  Hatchery, Roach  
  36  4:25  Roach x5  
  36  4:30  Drone x2  
  49  4:36  Zerg Missile Weapons Level 1  
  49  4:44  Pneumatized Carapace  
  49  4:56  Overlord  
  49  4:57  Overlord  
  49  5:07  Drone x3  
  50  5:32  Lair  
  50  5:35  Drone x6  
  55  5:36  Drone x6  
  62  5:49  Spore Crawler  
  61  5:50  Spore Crawler  
  61  5:55  Extractor  
  59  6:14  Zerg Ground Armor Level 1  
  59  6:30  Drone x6  
  59  6:31  Overlord x3  
  65  6:32  Overseer  
  65  6:33  Overseer  
  65  6:39  Roach  
  71  6:40  Roach x3  
  73  6:47  Extractor  
  72  7:10  Ravager x3  
  71  7:27  Extractor  
  70  7:30  Hydralisk Den  
  70  7:36  Queen  
  71  7:38  Queen x2  
  71  7:42  Spore Crawler  
  71  7:44  Spore Crawler  
  73  7:45  Spore Crawler  
  72  8:00  Drone x2  
  72  8:01  Drone x4  
  72  8:02  Hydralisk x2  
  72  8:03  Hydralisk x7  
  96  8:07  Overlord  
  96  8:24  Overlord, Queen  
  98  8:27  Overlord  
  98  8:34  Queen  
  84  8:48  Hydralisk x6  
  82  8:49  Hydralisk x5  
  102  9:01  Zerg Missile Weapons Level 2  
  102  9:05  Hydralisk x2  
  102  9:42  Hydralisk x4  
  102  9:43  Hydralisk x2  
  114  9:46  Overlord x3  
  112  9:55  Muscular Augments  
  91  10:22  Hydralisk x8  
  91  10:23  Hydralisk  
  91  10:25  Zergling x6  
  91  10:26  Zergling x8  
  102  10:43  Spore Crawler  
  102  10:44  Drone x6  
  105  11:12  Hydralisk x6  
  105  11:13  Hydralisk x3  
  123  11:20  Drone x4  
  123  11:21  Drone  
  127  12:04  Spore Crawler  
Show
View Real Time Build Order
Export as new Build Order

Iggins Zerg 

Build Orders: Hatch First 

Get SALT Encoding   

  12  0:02  Drone  
  13  0:08  Drone  
  14  0:20  Overlord  
  14  0:33  Drone, Extractor  
  14  0:38  Drone x2  
  16  0:58  Hatchery  
  16  1:03  Drone x2  
  17  1:08  Drone  
  18  1:27  Spawning Pool  
  17  1:36  Drone x2  
  19  1:40  Drone  
  20  2:06  Drone x2  
  22  2:11  Drone  
  22  2:14  Overlord  
  23  2:20  Extractor  
  22  2:23  Drone  
  22  2:24  Drone  
  22  2:25  Queen  
  26  2:30  Queen  
  26  2:34  Zergling x4  
  26  2:36  Metabolic Boost  
  30  2:43  Drone  
  31  2:53  Zergling x4  
  31  2:56  Drone  
  34  3:24  Drone x2  
  34  3:26  Lair  
  36  3:45  Overlord x2  
  36  3:47  Baneling Nest  
  35  4:01  Roach Warren  
  35  4:02  Extractor  
  33  4:05  Extractor  
  32  4:24  Hatchery  
  32  4:26  Spire  
  32  4:30  Drone x3  
  32  4:31  Drone x7  
  37  4:32  Drone  
  41  5:39  Baneling  
  41  5:42  Mutalisk x4  
  43  5:43  Overlord  
  43  5:44  Overlord  
  43  5:45  Overlord  
  47  6:06  Mutalisk x2  
  47  6:07  Mutalisk x6  
  62  6:16  Mutalisk  
  63  6:29  Drone x3  
  63  6:30  Overlord  
  66  6:47  Mutalisk x3  
  66  6:51  Mutalisk  
  74  6:56  Extractor  
  74  6:58  Drone x2  
  74  6:59  Overlord  
  73  7:20  Mutalisk x2  
  73  7:21  Mutalisk  
  75  7:23  Zergling x6  
  75  7:24  Zergling x10  
  75  7:25  Zergling x2  
  84  7:30  Mutalisk  
  84  7:34  Drone  
  87  7:40  Zergling x4  
  89  7:48  Overlord  
  88  8:16  Mutalisk x2, Baneling x5  
  88  8:17  Mutalisk x2  
  88  8:19  Zergling x4  
  97  8:21  Overlord x2  
  74  8:45  Mutalisk x3  
  74  8:52  Zergling x2  
  74  8:53  Mutalisk  
  75  9:00  Zergling x2  
  75  9:01  Zergling x2  
  77  9:08  Zergling x2, Drone  
  77  9:21  Zergling x2  
  77  9:22  Zergling x4  
  78  9:29  Zergling x2  
  77  9:34  Queen  
  77  9:36  Zergling x4  
  76  9:41  Zergling x4  
  76  9:42  Zergling x2  
  76  9:44  Zergling x4  
  78  9:53  Zergling x2  
  78  10:03  Zergling x8  
  78  10:05  Zergling x2  
  78  10:06  Zergling x4  
  73  10:21  Zergling x12  
  69  10:26  Zergling x2  
  75  10:31  Evolution Chamber  
  74  10:38  Zergling x6  
  75  10:59  Baneling  
  75  11:00  Mutalisk x2, Baneling x3  
  75  11:01  Mutalisk x6  
  75  11:02  Mutalisk  
  93  11:04  Zergling x2  
  93  11:06  Zergling x2  
  95  11:12  Overlord  
  95  11:27  Zergling x6  
  95  11:28  Overlord x2  
  98  11:35  Hatchery  
  96  11:46  Mutalisk x5  
Tags
 
Add a new tag
Caveats
  • Supply blocks, unpowered buildings, or Contaminate may cause inaccurate times.
  • Supply counts are checked every 10 seconds.